[Event "29th Czech Open-Rapid 2018"]
[Site "Pardubice"]
[Date "2018.07.19"]
[Round "4"]
[White "Gorbatenko, Alexander"]
[Black "Jun, Rudolf"]
[Result "0-1"]
[ECO "E73"]
[WhiteElo "2093"]
[BlackElo "1651"]
[Annotator "NA"]
[PlyCount "91"]
[EventDate "2018.07.18"]
[EventType "swiss"]
[EventCountry "CZE"]
[SourceTitle "playchess.com"]
[Source "ChessBase"]
[SourceQuality "1"]
[TimeControl "900+10"]

1. d4 Nf6 2. c4 d6 3. Nc3 g6 4. e4 Bg7 5. Be2 O-O 6. Bg5 h6 7. Be3 e5 8. d5 a5 9. Qd2 Kh7 10. h4 Na6 11. h5 g5 12. f3 Nc5 13. g4 Bd7 14. Nh3 Kg8 15. Nf2 b6 16. Bd1 Nh7 17. Bc2 Qf6 18. Qe2 Rfb8 19. O-O Qe7 20. Kg2 a4 21. b4 axb3 22. axb3 Qe8 23. Qd1 Rxa1 24. Qxa1 Ra8 25. Qb2 Nb7 26. Ra1 Qb8 27. Nd3 Nc5 28. b4 Nb7 29. Ba4 Bxa4 30. Rxa4 Rxa4 31. Nxa4 Qe8 32. Nc3 Bf6 33. Qa3 Bg7 34. Qa7 Qc8 35. c5 bxc5 36. bxc5 Nxc5 37. Nxc5 dxc5 38. Bxc5 Nf6 39. Nb5 Nxg4 40. Qxc7 Qa6 41. fxg4 Qxb5 42. Qc8+ Kh7 43. d6 Qe2+ 44. Bf2 Qxe4+ 45. Kg3 Qd3+ 46. Kg2 0-1

[Event "29th Czech Open-Rapid 2018"]
[Site "Pardubice"]
[Date "2018.07.19"]
[Round "4"]
[White "Maslak, Alexander"]
[Black "Potapov, Alexander"]
[Result "0-1"]
[ECO "B32"]
[WhiteElo "2069"]
[BlackElo "2407"]
[Annotator "ChessBase"]
[PlyCount "100"]
[EventDate "2018.07.18"]
[EventType "swiss"]
[EventCountry "CZE"]
[SourceTitle "playchess.com"]
[Source "ChessBase"]
[SourceQuality "1"]
[TimeControl "900+10"]

1. e4 c5 2. Nf3 Nc6 3. d4 cxd4 4. Nxd4 e5 5. Nb5 d6 6. c4 Be7 7. N1c3 a6 8. Na3 Be6 9. Nc2 Bg5 10. Ne3 Nf6 11. Bd3 O-O 12. O-O Rc8 13. Ncd5 Nd7 14. g3 Nd4 15. f4 Bh6 16. Ng4 Bxg4 17. Qxg4 Kh8 18. Be3 Nc5 19. Qd1 Nde6 20. Bc2 exf4 21. gxf4 g6 22. Qd2 Qh4 23. b4 Nd7 24. Bb3 f5 25. Nc3 Nf6 26. c5 Qg4+ 27. Qg2 Rfe8 28. Qxg4 Nxg4 29. Bxe6 Rxe6 30. Bd4+ Bg7 31. Bxg7+ Kxg7 32. exf5 gxf5 33. Na4 Rg6 34. Rf3 Re8 35. Rg3 dxc5 36. Nxc5 Re7 37. Rd1 Ne3 38. Rxg6+ hxg6 39. Rd6 Nc4 40. Rd4 Na3 41. Kf2 Nc2 42. Rc4 Ne3 43. Rd4 Ng4+ 44. Kg2 Re2+ 45. Kg3 Rxa2 46. h3 Nf6 47. Nxb7 Ne4+ 48. Kh4 Ra3 49. Nd6 Nf2 50. Ne8+ Kh6 0-1

[Event "29th Czech Open-Rapid 2018"]
[Site "Pardubice"]
[Date "2018.07.19"]
[Round "4"]
[White "Vykydal, Frantisek"]
[Black "Gschwendtner, Stanislav"]
[Result "1-0"]
[ECO "B25"]
[WhiteElo "2045"]
[BlackElo "1940"]
[Annotator "NA"]
[PlyCount "121"]
[EventDate "2018.07.18"]
[EventType "swiss"]
[EventCountry "CZE"]
[SourceTitle "playchess.com"]
[Source "ChessBase"]
[SourceQuality "1"]
[TimeControl "900+10"]

1. e4 c5 2. Nc3 Nc6 3. g3 g6 4. Bg2 Bg7 5. d3 d6 6. Nge2 Nf6 7. h3 Rb8 8. f4 O-O 9. O-O b5 10. e5 Bxh3 11. Bxc6 dxe5 12. Bg2 Bxg2 13. Kxg2 b4 14. Ne4 Qd5 15. fxe5 Nxe4 16. Nf4 Qc6 17. Qf3 Bxe5 18. Qxe4 Qxe4+ 19. dxe4 Rbd8 20. Nd5 e6 21. Ne7+ Kg7 22. Nc6 Bd4 23. Nxd8 Rxd8 24. Rd1 Rc8 25. a3 a5 26. axb4 axb4 27. Ra4 Kf6 28. Rf1+ Ke5 29. Rxf7 c4 30. Rxb4 Kxe4 31. Rf4+ Kd5 32. c3 e5 33. Rh4 Kc5 34. Rb7 Kc6 35. Rbxh7 Bc5 36. Rxc4 Kd5 37. Rg4 Rf8 38. Rxg6 Rf2+ 39. Kh3 Rc2 40. Rd7+ Ke4 41. Rg4+ Kf3 42. Rf7+ Ke2 43. Re4+ Kd3 44. Re1 e4 45. Rd7+ Kc4 46. Rxe4+ Kb3 47. Rb7+ Ka2 48. b4 Bg1 49. Re1 Bf2 50. Rf1 Kb3 51. Rf7 Bb6 52. R7f3 Kc4 53. Be3 Bc7 54. Bd4 Bd8 55. Rf5 Be7 56. b5 Rb2 57. b6 Bd6 58. Rf6 Bb8 59. R1f5 Kd3 60. Rf3+ Kc4 61. R6f5 1-0

[Event "29th Czech Open-Rapid 2018"]
[Site "Pardubice"]
[Date "2018.07.19"]
[Round "4"]
[White "Chrz, Pavel"]
[Black "Soural, Jan"]
[Result "1/2-1/2"]
[ECO "D85"]
[WhiteElo "2038"]
[BlackElo "2202"]
[Annotator "NA"]
[PlyCount "100"]
[EventDate "2018.07.18"]
[EventType "swiss"]
[EventCountry "CZE"]
[SourceTitle "playchess.com"]
[Source "ChessBase"]
[SourceQuality "1"]
[TimeControl "900+10"]

1. d4 Nf6 2. c4 g6 3. Nc3 d5 4. cxd5 Nxd5 5. e4 Nxc3 6. bxc3 Bg7 7. Bb5+ c6 8. Ba4 O-O 9. Ne2 b5 10. Bb3 Bb7 11. O-O e6 12. Ba3 Re8 13. f4 c5 14. e5 c4 15. Bc2 Nc6 16. Bc5 Ne7 17. Bxe7 Rxe7 18. Ng3 Rb8 19. a4 a6 20. axb5 axb5 21. Rb1 Qa5 22. Rb4 f5 23. exf6 Bxf6 24. Be4 Rd7 25. Bxb7 Rbxb7 26. Ne4 Bxd4+ 27. cxd4 Qxb4 28. Nf6+ Kf7 29. Nxd7 Rxd7 30. Qf3 Qd6 31. Rd1 b4 32. g4 Qd5 33. Qf2 b3 34. Qh4 Kg8 35. f5 c3 36. fxe6 c2 37. Re1 Qxd4+ 38. Kh1 Qd5+ 39. Kg1 Qc5+ 40. Kh1 Re7 41. Qh6 Qd5+ 42. Kg1 Qd4+ 43. Kh1 b2 44. Rf1 Qg7 45. Qd2 h5 46. Qxc2 hxg4 47. Rb1 Qf6 48. Qxb2 Qxb2 49. Rxb2 Rxe6 50. Rb4 Kf7 1/2-1/2

[Event "29th Czech Open-Rapid 2018"]
[Site "Pardubice"]
[Date "2018.07.19"]
[Round "4"]
[White "Hajek, Jiri"]
[Black "Turner, Jan"]
[Result "1/2-1/2"]
[ECO "B00"]
[WhiteElo "2024"]
[BlackElo "2332"]
[Annotator "NA"]
[PlyCount "121"]
[EventDate "2018.07.18"]
[EventType "swiss"]
[EventCountry "CZE"]
[SourceTitle "playchess.com"]
[Source "ChessBase"]
[SourceQuality "1"]
[TimeControl "900+10"]

1. e4 Nc6 2. Nc3 Nf6 3. d4 d6 4. d5 Nb8 {[%emt 0:00:05] B00: Queen's Fianchetto Defence, Nimzowitsch Defence} 5. Nf3 g6 6. Bg5 (6. Be2 Bg7 7. O-O O-O 8. Re1 c6 9. Bf4 b5 10. a3 a6 11. Qd2 Bb7 12. Rad1 Nbd7 13. dxc6 Bxc6 14. e5 dxe5 15. Nxe5 Nxe5 16. Bxe5 Qxd2 17. Rxd2 {½-½ (48) Anand,V (2782)-Carlsen,M (2837) Riadh 2017}) 6... Bg7 7. Be2 c6 8. dxc6 $146 ({Predecessor:} 8. O-O Bg4 9. Re1 Nbd7 10. Nd2 Bxe2 11. Qxe2 h6 12. Bf4 O-O {0-1 (68) Ma,Z (2465)-Lu,S (2620) China 2017}) 8... Nxc6 9. e5 dxe5 10. Qxd8+ Nxd8 11. Nxe5 O-O 12. O-O-O Ne6 13. Be3 a6 14. Bf3 Rb8 15. Bb6 Ng5 16. Be2 Nge4 17. Nxe4 Nxe4 18. Nd7 Bxd7 19. Rxd7 Nf6 20. Rd3 Rbc8 21. a4 e6 22. Bf3 e5 23. Rd6 e4 24. Be2 Bh6+ 25. Kb1 Bf4 26. Rxf6 Be5 27. Bg4 Rc4 28. b3 Rc3 29. Ba5 Bxf6 30. Bxc3 Bxc3 31. Rd1 b5 32. Bd7 Rd8 33. Rd5 bxa4 34. Bc6 Rc8 35. Bxa4 f5 36. Rd7 Be1 37. b4 Bxb4 38. Bb3+ Kh8 39. Kc1 a5 40. Kd1 f4 41. Ke2 a4 42. Bxa4 Ra8 43. Bb3 Ra1 44. c3 Bxc3 45. Rd1 Ra7 46. g3 Ra3 47. Bd5 f3+ 48. Ke3 Be1+ 49. Kxe4 Bxf2 50. Rd3 Rxd3 51. Kxd3 Bg1 52. Bxf3 Bxh2 53. g4 Bf4 54. Ke4 Bc1 55. Be2 Kg7 56. Kf3 Kf6 57. Kg3 Kg5 58. Kh3 Kf4 59. Bd1 Bd2 60. Be2 Be1 $15 61. Bd1 1/2-1/2

[Event "29th Czech Open-Rapid 2018"]
[Site "Pardubice"]
[Date "2018.07.19"]
[Round "4"]
[White "Jazdanovs, Aleksandrs"]
[Black "Domogaev, Sergey"]
[Result "0-1"]
[ECO "C88"]
[WhiteElo "2013"]
[BlackElo "2337"]
[Annotator "NA"]
[PlyCount "88"]
[EventDate "2018.07.18"]
[EventType "swiss"]
[EventCountry "CZE"]
[SourceTitle "playchess.com"]
[Source "ChessBase"]
[SourceQuality "1"]
[TimeControl "900+10"]

1. e4 e5 2. Nf3 Nc6 3. Bb5 a6 4. Ba4 Nf6 5. O-O Be7 6. Re1 b5 7. Bb3 d6 8. a4 Na5 9. axb5 Nxb3 10. cxb3 Bb7 11. bxa6 Bxe4 12. Nc3 Bd3 13. b4 Bxa6 14. d4 e4 15. Nxe4 Nxe4 16. Rxe4 O-O 17. Rg4 Qd7 18. Nd2 Be2 19. Qxe2 Rxa1 20. Nb3 f5 21. Rg3 Raa8 22. Bh6 Bf6 23. Qc4+ Kh8 24. Bf4 Rfe8 25. h3 Re4 26. Qd5 c6 27. Qxd6 Qxd6 28. Bxd6 Re1+ 29. Kh2 Re2 30. Rf3 Rxb2 31. Na5 Rc8 32. Rxf5 Bxd4 33. Nxc6 Bb6 34. Ne7 Rd8 35. Be5 Rxf2 36. Rg5 Rf7 37. Nc6 Rc8 38. b5 h6 39. Rg6 Kh7 40. Re6 Rb7 41. Nb4 Rc5 42. Bd6 Rxb5 43. Nd3 Rd7 44. Nf4 g5 0-1

[Event "29th Czech Open-Rapid 2018"]
[Site "Pardubice"]
[Date "2018.07.19"]
[Round "4"]
[White "Haase, Pavel"]
[Black "Maltsevskyay, Aleksandra"]
[Result "0-1"]
[ECO "E97"]
[WhiteElo "1975"]
[BlackElo "2297"]
[Annotator "NA"]
[PlyCount "86"]
[EventDate "2018.07.18"]
[EventType "swiss"]
[EventCountry "CZE"]
[SourceTitle "playchess.com"]
[Source "ChessBase"]
[SourceQuality "1"]
[TimeControl "900+10"]

1. c4 {[%emt 0:00:00] Besenthal,K} Nf6 2. Nc3 g6 3. d4 Bg7 4. e4 d6 5. Nf3 O-O 6. Be2 e5 7. O-O Nc6 8. d5 Ne7 9. Be3 Ng4 10. Bd2 {[%emt 0:00:02] E97: King's Indian: Classical Main Line (6...e5 7 0-0 Nc6): 8 Be3 and 8 d5 Ne7, not 9 Ne1} f5 11. Ng5 Nf6 12. f3 c6 13. Be3 {[%emt 0:00:36] [#]} Ne8 $146 ({Predecessor:} 13... Kh8 14. Kh1 h6 15. Nh3 f4 16. Bf2 c5 17. a3 g5 {1-0 (51) Sanikidze,T (2537)-Bok,B (2614) Gjakova 2016 CBM 173 [Besenthal,K]}) 14. c5 h6 15. cxd6 Qxd6 16. Nh3 f4 17. Bf2 Nf6 18. Bc4 Kh7 19. Qb3 cxd5 20. exd5 a6 21. a4 Bxh3 22. gxh3 Qd7 23. Kg2 e4 24. Nxe4 Nxe4 25. fxe4 f3+ 26. Kh1 b5 27. axb5 axb5 28. Rxa8 Rxa8 29. Qxf3 bxc4 30. Bc5 Rf8 31. Qg2 Rxf1+ 32. Qxf1 Nxd5 33. Qxc4 Nf4 34. Qf1 g5 35. b4 Qe6 36. Qf3 Qc4 37. Kg1 Qc1+ 38. Kf2 Qd2+ 39. Kg3 Be5 40. Kg4 Kg6 41. Qf2 h5+ 42. Kf3 Qd1+ 43. Ke3 Qd3# 0-1

[Event "29th Czech Open-Rapid 2018"]
[Site "Pardubice"]
[Date "2018.07.19"]
[Round "4"]
[White "Sinauridze, Simons"]
[Black "Pavlicek, Lukas"]
[Result "1-0"]
[ECO "B52"]
[WhiteElo "1962"]
[BlackElo "1819"]
[Annotator "NA"]
[PlyCount "55"]
[EventDate "2018.07.18"]
[EventType "swiss"]
[EventCountry "CZE"]
[SourceTitle "playchess.com"]
[Source "ChessBase"]
[SourceQuality "1"]
[TimeControl "900+10"]

1. e4 c5 2. Nf3 d6 3. Bb5+ Bd7 4. Bxd7+ Qxd7 5. O-O Nc6 6. c3 Nf6 7. d4 Nxe4 8. d5 Nb8 9. Re1 Nf6 10. Bg5 Na6 11. c4 h6 12. Bh4 Nc7 13. Nc3 b5 14. cxb5 Nxb5 15. Qd3 Nxc3 16. bxc3 g5 17. Bg3 Nh5 18. Rab1 Nxg3 19. hxg3 Bg7 20. Qa6 Qc8 21. Rb7 Bf6 22. Qxd6 Qxb7 23. Qxf6 O-O 24. Qxh6 Qxd5 25. Re5 Qd1+ 26. Kh2 f6 27. Qg6+ Kh8 28. Rxe7 1-0

[Event "29th Czech Open-Rapid 2018"]
[Site "Pardubice"]
[Date "2018.07.19"]
[Round "4"]
[White "Nehyba, Martin"]
[Black "Natarov, Ilya"]
[Result "1-0"]
[ECO "B02"]
[WhiteElo "1947"]
[BlackElo "1808"]
[Annotator "NA"]
[PlyCount "53"]
[EventDate "2018.07.18"]
[EventType "swiss"]
[EventCountry "CZE"]
[SourceTitle "playchess.com"]
[Source "ChessBase"]
[SourceQuality "1"]
[TimeControl "900+10"]

1. e4 Nf6 2. Nc3 d5 3. exd5 Nxd5 4. Nxd5 Qxd5 5. d4 Nc6 6. c3 e5 7. dxe5 Qxe5+ 8. Be2 Bg4 9. Be3 Bxe2 10. Nxe2 Bc5 11. Bf4 Qe7 12. O-O Rd8 13. Qc2 O-O 14. Ng3 Rfe8 15. Nf5 Qe2 16. Qc1 Qe6 17. Qb1 Bb6 18. Re1 Qc4 19. Bg5 f6 20. Be3 Bxe3 21. Nxe3 Qc5 22. Qc2 Kh8 23. Rad1 Ne5 24. Qf5 Qb5 25. Ng4 Rxd1 26. Rxd1 Nxg4 27. Qxb5 1-0

[Event "29th Czech Open-Rapid 2018"]
[Site "Pardubice"]
[Date "2018.07.19"]
[Round "4"]
[White "Balazec, Ludovit"]
[Black "Lushnikov, Evgeny"]
[Result "0-1"]
[ECO "B23"]
[WhiteElo "1945"]
[BlackElo "2234"]
[Annotator "NA"]
[PlyCount "87"]
[EventDate "2018.07.18"]
[EventType "swiss"]
[EventCountry "CZE"]
[SourceTitle "playchess.com"]
[Source "ChessBase"]
[SourceQuality "1"]
[TimeControl "900+10"]

1. e4 c5 2. Nc3 Nc6 3. Nge2 e5 4. Nd5 d6 5. Nec3 g6 {[%emt 0:00:10] B23: Closed Sicilian: Lines without g3} (5... Nge7 6. Bc4 a6 7. a4 Nb4 8. d3 Nbxd5 9. Nxd5 Be6 10. f4 Bxd5 11. exd5 exf4 12. Qe2 g5 13. h4 {½-½ (37) Short,N (2677)-Dzagnidze,N (2535) Caleta 2012}) 6. Bc4 Be6 7. O-O Bg7 8. d3 h6 9. a4 $146 ({Predecessor:} 9. f4 exf4 10. Bxf4 a6 11. Ne3 Nf6 12. Bxe6 fxe6 13. Ng4 Nh5 14. Qd2 Qh4 {½-½ (14) Jacobs,B (2350)-Szekely,P (2420) Cappelle-la-Grande 1989}) 9... Nge7 10. f4 Nd4 11. fxe5 dxe5 12. Nxe7 Qxe7 13. Nd5 Bxd5 14. Bxd5 O-O 15. c3 Ne6 16. Be3 Rac8 17. Qd2 Kh7 18. Rf3 f5 19. exf5 Rxf5 20. Raf1 Rxf3 21. Rxf3 Rf8 22. Bxe6 Rxf3 23. gxf3 Qxe6 24. Bxc5 Qc6 25. Qf2 b6 26. Be3 Qxa4 27. Kg2 Kg8 28. Qd2 Qh4 29. Qf2 Qe7 30. Qd2 Kh7 31. Qc2 b5 32. Qb3 a6 33. Qc2 Qd6 34. Qd2 a5 35. Qe2 Qd5 36. Qd2 g5 37. h3 Bf6 38. Qc2 Kg7 39. c4 Qc6 40. b3 a4 41. c5 (41. Bc1 $11) 41... a3 42. b4 {[%emt 0:00:12] [#]} Qd5 $11 (42... h5 $1 $17 43. Kg3 {[#]} e4 $1 44. dxe4 Qe6) 43. c6 a2 44. c7 0-1

[Event "29th Czech Open-Rapid 2018"]
[Site "Pardubice"]
[Date "2018.07.19"]
[Round "4"]
[White "Chubar, Vladimir"]
[Black "Annenkov, Kirill"]
[Result "1-0"]
[ECO "D02"]
[WhiteElo "1903"]
[BlackElo "2206"]
[Annotator "NA"]
[PlyCount "133"]
[EventDate "2018.07.18"]
[EventType "swiss"]
[EventCountry "CZE"]
[SourceTitle "playchess.com"]
[Source "ChessBase"]
[SourceQuality "1"]
[TimeControl "900+10"]

1. d4 d5 2. Nf3 Nf6 3. Bf4 c5 4. e3 Nc6 5. c3 Qb6 6. Qc1 Bf5 7. Nbd2 Rc8 8. Be2 {[%emt 0:00:13] D02: 1 d4 d5 2 Nf3 sidelines, including 2...Nf6 3 g3 and 2...Nf6 3 Bf4} h6 9. O-O e6 10. h3 (10. Bd1 Be7 11. Bc2 Bxc2 12. Qxc2 O-O 13. Qb3 Nh5 14. Be5 Rfd8 15. Rfe1 {1-0 (133) Nikolic,P (2623)-Ibarra Jerez,J (2513) Budva 2009}) 10... Be7 11. Ne5 O-O 12. Nxc6 bxc6 13. Nb3 Nd7 14. Qd2 $146 ({Predecessor:} 14. dxc5 Nxc5 15. Nxc5 Bxc5 {0-1 (31) Arnold,F (2335)-Madl,I (2270) Budapest 1989}) 14... Bg6 15. c4 Rfd8 16. Qa5 cxd4 17. exd4 c5 18. Qxb6 axb6 19. cxd5 exd5 20. Ba6 Ra8 21. Bb7 Ra4 22. Bc7 Rf8 23. Bxd5 cxd4 24. Bg3 d3 25. Rfc1 Nc5 26. Nxc5 Bxc5 27. Rc4 Rxc4 28. Bxc4 Rd8 29. Rd1 Rd4 30. Bb3 Re4 31. Kh2 Re2 32. Bc4 Rxb2 33. Bxd3 Bxd3 34. Rxd3 Rxa2 35. Rd8+ Kh7 36. f3 Rb2 37. Rd7 Kg6 38. h4 h5 39. Bc7 b5 40. Rd5 Be7 41. Be5 Rb1 42. g3 (42. g4 $17 {war nötig.}) 42... b4 43. Rb5 b3 44. Rb6+ f6 45. Bc3 Bc5 46. Rb5 Be3 47. g4 Bf4+ 48. Kg2 hxg4 49. fxg4 Kf7 50. g5 fxg5 51. hxg5 Kg6 52. Rb6+ Kxg5 53. Bxg7 Kf5 54. Kf3 Bg5 55. Rb5+ Kg6 56. Bh8 Rh1 57. Bd4 Rh3+ 58. Ke4 Bc1 59. Rb6+ Kf7 60. Rb7+ Ke6 61. Rb6+ Kd7 62. Rb7+ Kc6 63. Rb6+ Kc7 64. Rb5 Bd2 65. Kd5 Bf4 66. Kc4 Bd6 67. Rxb3 $11 1-0

[Event "29th Czech Open-Rapid 2018"]
[Site "Pardubice"]
[Date "2018.07.19"]
[Round "4"]
[White "Roskova, Katerina"]
[Black "Valenta, Vit"]
[Result "0-1"]
[ECO "E67"]
[WhiteElo "1886"]
[BlackElo "2144"]
[Annotator "NA"]
[PlyCount "70"]
[EventDate "2018.07.18"]
[EventType "swiss"]
[EventCountry "CZE"]
[SourceTitle "playchess.com"]
[Source "ChessBase"]
[SourceQuality "1"]
[TimeControl "900+10"]

1. d4 Nf6 2. c4 g6 3. g3 Bg7 4. Bg2 O-O 5. Nc3 d6 6. Nf3 Nbd7 7. O-O e5 8. Re1 Re8 9. Rb1 a5 10. b3 h6 11. Bb2 e4 12. Nd2 e3 13. fxe3 Rxe3 14. Nf1 Re8 15. e4 Nf8 16. Ne3 Ne6 17. Ned5 c6 18. Nxf6+ Qxf6 19. e5 dxe5 20. dxe5 Qe7 21. Ne4 Rd8 22. Nf6+ Bxf6 23. exf6 Qc5+ 24. Kh1 Rxd1 25. Rbxd1 Qf8 26. Rd2 a4 27. Red1 axb3 28. axb3 Ra2 29. Bh3 Kh7 30. Bg4 Qb4 31. Be2 Qxb3 32. Ba1 Rxd2 33. Rxd2 Qe3 34. Ra2 Ng5 35. Bf1 Nf3 0-1

[Event "29th Czech Open-Rapid 2018"]
[Site "Pardubice"]
[Date "2018.07.19"]
[Round "4"]
[White "Fiala, Milan"]
[Black "Tomek, Karel"]
[Result "1/2-1/2"]
[ECO "E11"]
[WhiteElo "1885"]
[BlackElo "1774"]
[Annotator "NA"]
[PlyCount "90"]
[EventDate "2018.07.18"]
[EventType "swiss"]
[EventCountry "CZE"]
[SourceTitle "playchess.com"]
[Source "ChessBase"]
[SourceQuality "1"]
[TimeControl "900+10"]

1. d4 Nf6 2. c4 e6 3. Nf3 Bb4+ 4. Nbd2 O-O 5. e3 Ne4 6. Bd3 Bxd2+ 7. Bxd2 Nxd2 8. Qxd2 b6 9. Qc2 f5 10. O-O-O Bb7 11. Kb1 d5 12. Ne5 Nd7 13. h4 Nxe5 14. dxe5 dxc4 15. Bxc4 Qe7 16. f3 a6 17. Rd2 b5 18. Bb3 c5 19. Qd1 Rfd8 20. Bxe6+ Kh8 21. Rd6 g6 22. h5 Kg7 23. hxg6 hxg6 24. Qd2 Rxd6 25. Qxd6 Re8 26. Bd5 Bxd5 27. Qxd5 Qxe5 28. Qb7+ Re7 29. Qxa6 c4 30. Qa5 Qxe3 31. Qxb5 Qd3+ 32. Ka1 Qd2 33. Rb1 c3 34. bxc3 Re2 35. Qb2 Rxg2 36. Qxd2 Rxd2 37. Rc1 Rf2 38. c4 Kf6 39. c5 Ke7 40. c6 Kd8 41. Rc3 g5 42. a4 g4 43. fxg4 fxg4 44. a5 Rf5 45. Kb2 Rxa5 1/2-1/2

[Event "29th Czech Open-Rapid 2018"]
[Site "Pardubice"]
[Date "2018.07.19"]
[Round "4"]
[White "Ludvik, Tomas"]
[Black "Roessler, Ulrike"]
[Result "1/2-1/2"]
[ECO "E97"]
[WhiteElo "1850"]
[BlackElo "2137"]
[Annotator "NA"]
[PlyCount "153"]
[EventDate "2018.07.18"]
[EventType "swiss"]
[EventCountry "CZE"]
[SourceTitle "playchess.com"]
[Source "ChessBase"]
[SourceQuality "1"]
[TimeControl "900+10"]

1. d4 Nf6 2. c4 g6 3. Nc3 Bg7 4. e4 d6 5. Nf3 O-O 6. Be2 e5 7. O-O Nc6 8. d5 Ne7 9. b4 a5 10. Ba3 axb4 11. Bxb4 Nd7 12. a4 h6 13. Nd2 f5 14. Nb3 fxe4 15. Nxe4 Nf5 16. c5 dxc5 17. Nbxc5 Nxc5 18. Bxc5 Re8 19. Rc1 Nd4 20. Bc4 Qh4 21. Re1 Bf5 22. f3 Kh8 23. d6 b6 24. Ba3 cxd6 25. Nxd6 Reb8 26. Nf7+ Kh7 27. Nxe5 Rd8 28. Nf7 Rd7 29. Nd6 Nc2 30. Nxf5 Rxd1 31. Nxh4 Rxe1+ 32. Rxe1 Nxe1 33. Kf1 Rxa4 34. Kxe1 Rxc4 35. g4 g5 36. Nf5 Rc3 37. Bb2 Rxf3 38. Nxg7 Rh3 39. Nf5 Rxh2 40. Bd4 b5 41. Nd6 b4 42. Kd1 Rg2 43. Ne4 Kg6 44. Nf2 h5 45. gxh5+ Kxh5 46. Kc2 g4 47. Kb3 g3 48. Ne4 Kg4 49. Nxg3 Rxg3+ 50. Kxb4 Kf5 51. Kc4 Ke4 52. Bc5 Rg8 53. Bb4 Rc8+ 54. Bc5 Ke5 55. Kb5 Kd5 56. Ba7 Rc1 57. Kb6 Rc2 58. Kb7 Kd6 59. Bb8+ Kd7 60. Ka8 Ra2+ 61. Ba7 Kc6 62. Kb8 Kb5 63. Ka8 Ka6 64. Kb8 Rg2 65. Ka8 Rg6 66. Bb8 Rg7 67. Be5 Rf7 68. Bb8 Kb6 69. Be5 Ra7+ 70. Kb8 Re7 71. Bd4+ Kc6 72. Bf2 Rb7+ 73. Ka8 Rf7 74. Ba7 Rf3 75. Bb8 Kd7 76. Kb7 Rb3+ 77. Ka8 1/2-1/2

[Event "29th Czech Open-Rapid 2018"]
[Site "Pardubice"]
[Date "2018.07.19"]
[Round "4"]
[White "Zarovs, Aleksandrs"]
[Black "Cerveny, Martin"]
[Result "0-1"]
[ECO "B51"]
[WhiteElo "1845"]
[BlackElo "2388"]
[Annotator "NA"]
[PlyCount "86"]
[EventDate "2018.07.18"]
[EventType "swiss"]
[EventCountry "CZE"]
[SourceTitle "playchess.com"]
[Source "ChessBase"]
[SourceQuality "1"]
[TimeControl "900+10"]

1. e4 c5 2. Nf3 d6 3. Bb5+ Nd7 4. d4 a6 5. Bxd7+ Bxd7 6. O-O cxd4 7. Qxd4 Bc6 8. c4 h6 9. Nc3 e5 10. Qd3 Nf6 11. Rd1 Be7 12. b3 O-O 13. a4 Qc8 14. Ba3 Rd8 15. Nd5 Bxd5 16. cxd5 Qg4 17. Re1 Rd7 18. Nd2 Nh5 19. Nc4 Nf4 20. Qf1 Rf8 21. Nb6 Rdd8 22. Nc4 Qh5 23. Ne3 g6 24. Rac1 Rd7 25. Rc3 f5 26. Nc4 fxe4 27. Nb6 Rdd8 28. Rxe4 Rf7 29. Rc7 Qf5 30. Rec4 e4 31. Rxb7 e3 32. f3 e2 33. Qe1 Nxg2 34. Qxe2 Nf4 35. Rxf4 Qxf4 36. Nc4 Qg5+ 37. Kh1 Rdf8 38. Nxd6 Bxd6 39. Rxf7 Rxf7 40. Bxd6 Qxd5 41. Qe8+ Kh7 42. Qe5 Qxf3+ 43. Kg1 Qf1# 0-1

[Event "29th Czech Open-Rapid 2018"]
[Site "Pardubice"]
[Date "2018.07.19"]
[Round "4"]
[White "Trost, Martin"]
[Black "Ruzicka, Josef"]
[Result "0-1"]
[ECO "B23"]
[WhiteElo "1844"]
[BlackElo "2089"]
[Annotator "NA"]
[PlyCount "72"]
[EventDate "2018.07.18"]
[EventType "swiss"]
[EventCountry "CZE"]
[SourceTitle "playchess.com"]
[Source "ChessBase"]
[SourceQuality "1"]
[TimeControl "900+10"]

1. e4 c5 2. Nc3 d6 3. f4 g6 4. Nf3 Bg7 5. Bc4 Nc6 6. d3 e6 7. O-O Nge7 8. Qe1 O-O 9. Bb3 Nd4 10. Nxd4 cxd4 11. Nd1 Nc6 12. Bd2 Bd7 13. a3 b5 14. Qg3 Qe7 15. Nf2 a5 16. h4 h5 17. Nh3 a4 18. Ba2 Bf6 19. Ng5 Bxg5 20. hxg5 Rab8 21. Rae1 b4 22. f5 b3 23. cxb3 axb3 24. Bb1 Ne5 25. Bb4 exf5 26. exf5 Bxf5 27. Bxd6 Qxd6 28. Qxe5 Qxe5 29. Rxe5 Rfe8 30. Rfe1 Kf8 31. Rxe8+ Rxe8 32. Rxe8+ Kxe8 33. Kf2 Ke7 34. Kf3 Ke6 35. Kf4 Kd6 36. Kf3 Ke5 0-1

[Event "29th Czech Open-Rapid 2018"]
[Site "Pardubice"]
[Date "2018.07.19"]
[Round "4"]
[White "Trost, Edvin"]
[Black "Kolasa, Pjotrs"]
[Result "0-1"]
[ECO "C93"]
[WhiteElo "1831"]
[BlackElo "2104"]
[Annotator "NA"]
[PlyCount "92"]
[EventDate "2018.07.18"]
[EventType "swiss"]
[EventCountry "CZE"]
[SourceTitle "playchess.com"]
[Source "ChessBase"]
[SourceQuality "1"]
[TimeControl "900+10"]

1. e4 e5 2. Nf3 Nc6 3. Bb5 a6 4. Ba4 Nf6 5. O-O b5 6. Bb3 Be7 7. Re1 O-O 8. c3 d6 9. h3 h6 10. d3 Re8 11. Nbd2 Bf8 12. Nf1 Na5 13. Bc2 c5 14. Ng3 d5 15. exd5 Qxd5 16. d4 cxd4 17. cxd4 e4 18. Ne5 Bb7 19. Nxe4 Qe6 20. Nxf6+ Qxf6 21. Be3 Rac8 22. Qd3 g6 23. Qd2 Nc4 24. Nxc4 bxc4 25. d5 Red8 26. Be4 Qh4 27. Bf3 Bg7 28. Rad1 c3 29. Qe2 cxb2 30. d6 Bxf3 31. Qxf3 Qa4 32. Qd5 Qc4 33. d7 Qxd5 34. Rxd5 Rc7 35. Red1 Rcxd7 36. Rxd7 Rxd7 37. Rb1 a5 38. a4 Rd3 39. Kf1 Ra3 40. Ke2 Rxa4 41. Kd2 Rc4 42. Kd3 Rc8 43. Bd4 Rd8 44. Rxb2 Rxd4+ 45. Ke3 Re4+ 46. Kxe4 Bxb2 0-1

[Event "29th Czech Open-Rapid 2018"]
[Site "Pardubice"]
[Date "2018.07.19"]
[Round "4"]
[White "Zdrazil, Jan"]
[Black "Buchcar, Tomas"]
[Result "1/2-1/2"]
[ECO "B43"]
[WhiteElo "1809"]
[BlackElo "2174"]
[Annotator "NA"]
[PlyCount "74"]
[EventDate "2018.07.18"]
[EventType "swiss"]
[EventCountry "CZE"]
[SourceTitle "playchess.com"]
[Source "ChessBase"]
[SourceQuality "1"]
[TimeControl "900+10"]

1. e4 c5 2. Nf3 e6 3. d4 cxd4 4. Nxd4 a6 5. Nc3 b5 6. g3 Bb7 7. Bg2 Qc7 8. O-O d6 9. Re1 Nf6 10. a4 b4 11. Nd5 exd5 12. exd5+ Kd8 13. Bg5 Nbd7 14. Nc6+ Bxc6 15. dxc6 Nc5 16. Qd5 Ne6 17. Bxf6+ gxf6 18. Rad1 Be7 19. f4 Rf8 20. Qh5 Rc8 21. Qxh7 Qb6+ 22. Kh1 Rxc6 23. Bxc6 Qxc6+ 24. Qe4 Qxe4+ 25. Rxe4 a5 26. Rd5 Nc5 27. Rc4 Kc7 28. b3 Kc6 29. Rf5 Rd8 30. h4 d5 31. Rd4 Ne4 32. Kg2 Bc5 33. Rd3 Bf2 34. h5 Rg8 35. h6 Rh8 36. Rh5 Bc5 37. Rdxd5 Bb6 1/2-1/2

[Event "29th Czech Open-Rapid 2018"]
[Site "Pardubice"]
[Date "2018.07.19"]
[Round "4"]
[White "Effenberger, Adam"]
[Black "Brejnik, Gustav"]
[Result "0-1"]
[ECO "B18"]
[WhiteElo "1784"]
[BlackElo "1951"]
[Annotator "NA"]
[PlyCount "80"]
[EventDate "2018.07.18"]
[EventType "swiss"]
[EventCountry "CZE"]
[SourceTitle "playchess.com"]
[Source "ChessBase"]
[SourceQuality "1"]
[TimeControl "900+10"]

1. e4 c6 2. d4 d5 3. Nc3 dxe4 4. Nxe4 Bf5 5. Ng3 Bg6 6. N1e2 Nf6 7. Nf4 Nbd7 8. Bc4 Qc7 9. O-O e6 10. Re1 Be7 11. Bxe6 fxe6 12. Nxe6 Qb6 13. Nxg7+ Kf7 14. N7f5 Rhe8 15. Bf4 Bb4 16. c3 Rxe1+ 17. Qxe1 Re8 18. Qd2 Bf8 19. Nd6+ Bxd6 20. Bxd6 Re6 21. Ba3 Qb5 22. Re1 Qd5 23. b3 b5 24. f4 Ne4 25. Nxe4 Rxe4 26. g4 Nf6 27. h3 Rxe1+ 28. Qxe1 Qe4 29. Qf2 Qb1+ 30. Kh2 Qc2 31. Qxc2 Bxc2 32. Bc5 a6 33. Kg2 Nd5 34. Kf3 Nxc3 35. f5 a5 36. Bb6 Nxa2 37. Bxa5 Bxb3 38. Ke4 Bc2+ 39. Ke5 b4 40. Kd6 b3 0-1